 Dungeon Crawl Stone Soup version 0.26.1-2-gb8aa6d0cf2 (webtiles) character file.

Game seed: 3855524997667335676

228 Gadfly the Cudgeller (level 5, -2/53 HPs)
             Began as a Troll Delver on Feb 25, 2021.
             Killed by divine providence
             ... invoked by an orc priest
              (13 damage)
             ... on level 2 of the Dungeon.
             The game lasted 00:04:18 (1047 turns).

Gadfly the Cudgeller (Troll Delver)                 Turns: 1047, Time: 00:04:18

Health: -2/53      AC: 10    Str: 21    XL:     5   Next: 70%
Magic:  4/4        EV: 10    Int:  6    God:
Gold:   40         SH:  0    Dex: 11    Spells: 4/4 levels left

rFire    + . .     SeeInvis .   a - +0 mace
rCold    . . .     Faith    .   (no shield)
rNeg     . . .     Spirit   .   b - +0 robe
rPois    .         Reflect  .   (helmet restricted)
rElec    .         Harm     .   (no cloak)
rCorr    .         Rampage  .   (gloves unavailable)
Will     .....                  (boots unavailable)
Stlth    ++........             (no amulet)
HPRegen  0.57/turn              e - +4 ring of protection
MPRegen  0.09/turn              h - ring of protection from fire

@: no status effects
A: large, unfitting armour, claws 3, regeneration 1, shaggy fur 1, tough skin 3
a: no special abilities


You were on level 2 of the Dungeon.
You visited 2 branches of the dungeon, and saw 5 of its levels.

You collected 40 gold pieces.

Inventory:

Hand Weapons
 a - a +0 mace (weapon)
Armour
 b - a +0 robe (worn)
Jewellery
 e - a +4 ring of protection (left claw)
 h - a ring of protection from fire (right claw)
 k - an uncursed ring of magical power {unknown}
Wands
 g - a wand of digging (3)
Scrolls
 c - a scroll of fog
 d - a scroll of fear
 i - 2 scrolls of identify {unknown}
Potions
 f - a potion of haste
 j - a potion of flight {unknown}
 l - a potion of mutation {unknown}


   Skills:
 - Level 3.0 Fighting
 * Level 3.6 Maces & Flails
 * Level 2.6 Armour
 - Level 1.5 Dodging
 - Level 2.7 Stealth
 * Level 1.0 Evocations


You had 4 spell levels left.
You didn't know any spells.
Your spell library contained the following spells:

 Spells                   Type           Power        Failure   Level
 Magic Dart               Conj           0%           45%         1
 Blink                    Tloc           N/A          58%         2
 Call Imp                 Summ           0%           58%         2
 Slow                     Hex            0%           58%         2
 Conjure Flame            Conj/Fire      0%           83%         3
 Mephitic Cloud           Conj/Pois/Air  0%           83%         3


Dungeon Overview and Level Annotations

Branches:
Dungeon (5/15)             Temple (1/1) D:4

Altars:
Cheibriados
Dithmenos
Fedhas
Gozag
Hepliaklqana
Makhleb
Nemelex Xobeh
Okawaru
Qazlal
Ru
Sif Muna
Trog
Uskayaw
Wu Jian
Xom
Yredelemnul
Zin

Annotations:
D:4 Grinder
D:5 Pikel


Innate Abilities, Weirdness & Mutations

You are too large for most types of armour.
You have claws for hands.
Your natural rate of healing is unusually fast.
You are covered in fur. (AC +1)
You have extremely tough skin. (AC +3)


Message History

Beogh smites you! The orc closely misses you.
You are too injured to fight recklessly!
The orc priest hits you with a cursed -2 morningstar!
* * * LOW HITPOINT WARNING * * *
Things that are here:
a +0 mace; an orc corpse You barely miss the orc priest.
The orc priest is heavily wounded.
The orc priest hits you with a cursed -2 morningstar.
* * * LOW HITPOINT WARNING * * *
The orc hits you but does no damage.
You hit the orc priest but do no damage.
The orc priest is heavily wounded.
The orc closely misses you. The orc priest misses you.
You hit the orc priest but do no damage.
The orc priest is heavily wounded.
The orc hits you but does no damage.
The orc priest mumbles some strange prayers to Beogh against you.
Beogh smites you!
You die...

#..#.#######.##.
#..............#
##.#########..##
#.# .........#
#.# .#####.##.
#.# #....
######.# #####
##...o..#
#...@o###
#..##.# #. #.#
#. #.. #. ####
#. .


You could see an orc priest and an orc.

Vanquished Creatures
  A necrophage (D:5)
  A bullfrog (D:3)
  A hound (D:4)
  An orc priest (D:2)
  A gnoll (D:2)
  A leopard gecko (D:3)
  An orc (D:5)
  2 bats
  A hobgoblin (D:2)
  2 jackals (D:3)
  A kobold (D:2)
  A frilled lizard (D:2)
  A goblin (D:2)
  A jackal skeleton (D:4)
16 creatures vanquished.

Notes
Turn   | Place    | Note
-------+----------+-------------------------------------------
     0 | D:5      | Gadfly the Troll Delver began the quest for the Orb.
     0 | D:5      | Reached XP level 1. HP: 22/22 MP: 0/0
    90 | D:5      | Noticed a necrophage
   106 | D:5      | Killed a necrophage
   107 | D:5      | Reached skill level 1 in Armour
   107 | D:5      | Reached XP level 2. HP: 21/29 MP: 1/1
   107 | D:5      | Reached XP level 3. HP: 26/36 MP: 2/2
   107 | D:5      | Reached XP level 4. HP: 32/44 MP: 3/3
   143 | D:5      | Found a shimmering altar of Xom.
   143 | D:5      | Noticed an angel
   144 | D:5      | Found a glowing silver altar of Zin.
   145 | D:5      | Noticed a phantom
   189 | D:5      | Noticed a lemure
   189 | D:5      | Noticed a lemure
   190 | D:5      | Noticed Pikel
   190 | D:5      | Noticed a lemure
   191 | D:5      | Noticed a lemure
   200 | D:5      | Noticed a phantom
   215 | D:5      | Noticed a sky beast
   261 | D:5      | Noticed a gnoll sergeant
   261 | D:5      | Noticed a centaur
   309 | D:4      | Noticed an ogre
   316 | D:4      | Noticed Grinder
   421 | D:4      | Found a staircase to the Ecumenical Temple.
   424 | D:4      | Noticed an ogre
   593 | Temple   | Entered the Ecumenical Temple
   792 | D:3      | Noticed a bullfrog
   820 | D:3      | Killed a bullfrog
   821 | D:3      | Reached XP level 5. HP: 7/53 MP: 4/4
  1036 | D:2      | Reached skill level 1 in Evocations
  1047 | D:2      | Killed from afar by an orc priest

Illustrated notes

Levels and vault maps discovered:
D:2:      layout_loops_ring, uniq_natasha
D:3:      layout_basic, biasface_ghost_orc_armoury,
          hangedman_abyss_or_decor_lesser_grid, corexii_leaking_fountain
D:4:      layout_loops_cross, minmay_temple_entry_arrows, serial_shops,
          kennysheep_mini_moat, trog_three_pillars_becter, uniq_grinder
D:5:      minmay_recursive_quarters, layout_layer_cave,
          grunt_temple_overflow_order_and_chaos_1, minmay_manual_moon,
          uniq_prince_ribbit1, uniq_pikel, uniq_eustachio
Temple:   compressed_dpeg_circular_temple

Skill      XL: |  1  2  3  4  5 |
---------------+----------------+-----
Maces & Flails | 3 |  3.6
Armour         | 1 2 |  2.6
Fighting       | 3 |  3.0
Evocations     | 1 |  1.0
Dodging        | |  1.5
Stealth        | |  2.7

Action                   |  1- 3 |  4- 6 || total
-------------------------+-------+-------++-------
Melee: Mace              |    19 |    74 ||    93
  Use: Scroll            |       |     2 ||     2
       Potion            |       |     1 ||     1
 Stab: Sleeping          |       |     5 ||     5
Armor: Robe              |     9 |    94 ||   103
Dodge: Dodged            |     7 |   132 ||   139
